 Dungeon Crawl Stone Soup version 0.31-a0-1074-g0b22e4e0f1 (webtiles) character file.

Game seed: 2965392544046000130

217 Curundu the Cudgeller (level 5, -4/47 HPs)
             Began as a Draconian Berserker on Dec 8, 2023.
             Was a Believer of Trog.
             Slain by Terence
             ... wielding a +2 falchion of electrocution
              (9 damage)
             ... on level 2 of the Dungeon.
             The game lasted 00:08:50 (1789 turns).

Curundu the Cudgeller (Draconian Berserker)         Turns: 1789, Time: 00:08:50

Health: -4/47      AC:  5    Str: 19    XL:     5   Next: 61%
Magic:  5/5        EV: 13    Int:  8    God:    Trog [**....]
Gold:   86         SH:  0    Dex: 12    Spells: 4/4 levels left

rFire   . . .        a - +0 mace
rCold   . . .        (no shield)
rNeg    . . .        (body armour unavailable)
rPois   .            (helmet restricted)
rElec   .            (no cloak)
rCorr   .            (no gloves)
SInv    .            (no boots)
Will    .....        (no amulet)
Stlth   +            b - ring of flight
HPRegen 0.27/turn    (no ring)
MPRegen 0.09/turn

%: no passive effects
@: flying
A: AC +5, unfitting armour, cold-blooded
a: Renounce Religion, Berserk, Trog's Hand


You were on level 2 of the Dungeon.
You worshipped Trog.
Trog was pleased with you.
You visited 1 branch of the dungeon, and saw 3 of its levels.

You collected 86 gold pieces.

Inventory:

Hand Weapons
 a - a +0 mace (weapon)
Jewellery
 b - a ring of flight (left hand)
 l - a ring of flight
Scrolls
 e - a scroll of teleportation {unknown}
 f - 4 scrolls of identify {unknown}
 g - a scroll of enchant armour {unknown}
 h - a scroll of blinking {unknown}
 i - a scroll of immolation {unknown}
Potions
 j - a potion of invisibility {unknown}
 k - a potion of resistance {unknown}


   Skills:
 + Level 4.3 Fighting
 + Level 4.7 Maces & Flails
 + Level 1.4 Throwing
 + Level 3.5 Dodging
 + Level 0.6 Stealth


You had 4 spell levels left.
You didn't know any spells.
Your spell library contained the following spells:

 Spells                   Type           Power      Damage    Failure   Level
 Vhi's Electric Charge    Tloc/Air       0%         N/A       99%         4
 Arcjolt                  Conj/Air       0%         1d10      100%        5
 Plasma Beam              Fire/Air       0%         2x1d10    100%        6


Dungeon Overview and Level Annotations

Branches:
Dungeon (3/15)

Altars:

Annotations:
D:2 Terence


Innate Abilities, Weirdness & Mutations

Your plain brown scales are hard. (AC +5)
You cannot fit into any form of body armour.
You are cold-blooded and may be slowed by cold attacks.


Message History

You throw a javelin.
The javelin pierces through Terence but does no damage.
Terence is moderately wounded.
Throw: 2 darts (poison)
Press: ? - help, Q - select action, (/) - cycle Shift-Dir - straight line, f/p - Terence
Aim: Terence, wielding a +2 falchion of electrocution and wearing a +1 chain mail of cold resistance (moderately wounded, 64% to hit)
You throw a poisoned dart. The poisoned dart hits Terence.
Terence is poisoned.
Terence is moderately wounded.
Throw: dart (poison)
Press: ? - help, Q - select action, (/) - cycle Shift-Dir - straight line, f/p - Terence
Aim: Terence, wielding a +2 falchion of electrocution and wearing a +1 chain mail of cold resistance (moderately wounded, poisoned, 64% to hit)
You throw a poisoned dart. The poisoned dart hits Terence.
Terence is moderately wounded.
Terence hits you with a +2 falchion of electrocution!
You are electrocuted!
You barely miss Terence.
You tail-slap Terence, but do no damage.
Terence is moderately wounded.
Terence says, "You're history."
Terence hits you with a +2 falchion of electrocution.
You are electrocuted!
* * * LOW HITPOINT WARNING * * *
You barely miss Terence.
You tail-slap Terence, but do no damage.
Terence is moderately wounded.
Terence misses you.
You closely miss Terence.
Terence is moderately wounded.
Terence barely misses you. Terence hits you but does no damage.
You closely miss Terence.
You tail-slap Terence, but do no damage.
Terence is moderately wounded.
Terence looks more healthy.
Terence hits you with a +2 falchion of electrocution!
* * * LOW HITPOINT WARNING * * *
You hit Terence but do no damage.
Terence is heavily wounded.
Terence hits you with a +2 falchion of electrocution!
You die...
Terence says, "That felt goooood."

#~~....~≈~~~.............#.#
##♣...~P~~~~#.####.......#.###
#....~~PP~♣#.# #......).....
#....~PP~~♣#.# #.........#..
#....♣~~~~...####..####''####
#....~~~~♣..>..>..##....)...#
##....~P~.##.##..##.....)....
##....~.###.#..##...........
######## #@..##............
#....@.##.............
#....(.#......†.......
#....(.#......######..
#......#......######..
#......#......######..
#...((.#......######..
#......#......######.†
#......######..


You could see Terence.

Vanquished Creatures
  Sigmund (D:2)
  3 adders
  A worm (D:2)
  A dart slug (D:2)
  7 endoplasms
  2 giant cockroaches
  3 goblins
  A hobgoblin (D:1)
  4 quokkas
  3 ball pythons (D:2)
  3 bats
  2 frilled lizards
  3 kobolds
  2 rats (D:2)
36 creatures vanquished.

Notes
Turn   | Place    | Note
-------+----------+-------------------------------------------
     0 | D:1      | Curundu the Draconian Berserker began the quest for the
                  | Orb.
     0 | D:1      | Reached XP level 1. HP: 19/19 MP: 1/1
    11 | D:1      | Noticed a bullfrog
    47 | D:2      | You are sucked into a shaft and drop 1 floor!
   115 | D:3      | Reached XP level 2. HP: 26/26 MP: 2/2
   284 | D:2      | Reached XP level 3. HP: 23/33 MP: 3/3
  1623 | D:2      | Reached ** piety under Trog
  1680 | D:2      | Noticed Sigmund
  1686 | D:2      | Killed Sigmund
  1687 | D:2      | Reached skill level 1 in Throwing
  1687 | D:2      | Reached XP level 4. HP: 36/41 MP: 4/4
  1687 | D:2      | Reached XP level 5. HP: 42/47 MP: 5/5
  1779 | D:2      | Noticed Terence
  1789 | D:2      | Slain by Terence

Illustrated notes

Levels and vault maps discovered:
D:1:      evilmike_arrival_come_back, layout_loops_corners
D:2:      layout_rooms, serial_bayou_ford_a, grunt_ministairs_4,
          kennysheep_big_empty_room, chequers_serial_rivers_micro_c,
          uniq_crazy_yiuf_cottage, uniq_sigmund, uniq_terence
D:3:      layout_rooms, kennysheep_flooded_box

Skill      XL: |  1  2  3 |
---------------+----------+-----
Dodging        | 3 |  3.5
Fighting       | 4 |  4.3
Maces & Flails | 4 |  4.7
Throwing       | 1 |  1.4
Stealth        | |  0.6

Action                     |  1- 3 |  4- 6 || total
---------------------------+-------+-------++-------
  Melee: Mace              |    60 |    16 ||    76
         Tailslap          |     7 |     3 ||    10
  Throw: Javelin           |    21 |     4 ||    25
         Dart              |       |     2 ||     2
 Armour: Skin              |    34 |    15 ||    49
  Dodge: Dodged            |    40 |    24 ||    64

Table legend: (Time is in decaauts)
 A = Elapsed time spent in this place.
 B = Non-inter-level travel time spent in this place.
 C = Inter-level travel time spent in this place.
 D = Time resting spent in this place.
 E = Time spent auto-exploring this place.
 F = Levels seen in this place.
 G = Mean time per level.
                   A        B        C        D        E       F      G
               +--------+--------+--------+--------+--------+-----+--------+
         Total |   1820 |   1820 |      0 |    127 |    921 |   3 |  606.7 |
       Dungeon |   1820 |   1820 |      0 |    127 |    921 |   3 |  606.7 |
               +--------+--------+--------+--------+--------+-----+--------+

Top non-repeatable levels by time:
     D:1: 971 daAuts
     D:2: 644 daAuts
     D:3: 203 daAuts
